Map: 2000 Atmospheres LE

Players

Vanya

  • Race: Zerg Zerg
  • League: Master

BlyOnFire (Bly) - Winner!

  • Race: Zerg Zerg

Event: DreamHack SC2 Masters 2021 Summer

VOD

Have the link to the VOD?

Description

Time

  • Played on: May 22, 2021, 1:05 p.m.
  • Length: 10:03

All games in this series

Show
View Real Time Build Order
Export as new Build Order

Vanya Zerg 

Build Orders: Hatch First 

Get SALT Encoding   

  12  0:00  Drone  
  13  0:12  Overlord  
  13  0:16  Drone  
  14  0:30  Drone x2  
  16  0:47  Hatchery  
  15  0:51  Drone  
  15  0:54  Drone  
  17  0:58  Drone  
  18  1:08  Extractor  
  17  1:13  Spawning Pool  
  17  1:16  Drone  
  17  1:19  Drone  
  18  1:27  Drone  
  19  1:39  Drone  
  20  1:49  Drone  
  21  1:59  Queen x2  
  21  2:00  Zergling x2  
  26  2:01  Overlord  
  26  2:08  Metabolic Boost  
  26  2:11  Drone x2  
  28  2:23  Drone  
  28  2:24  Drone  
  30  2:32  Hatchery  
  30  2:35  Drone  
  30  2:40  Zergling x2  
  30  2:43  Drone x2  
  33  2:51  Baneling Nest  
  33  2:55  Queen  
  33  3:00  Overlord  
  33  3:01  Drone  
  34  3:09  Drone x2  
  36  3:19  Drone x6  
  42  3:28  Evolution Chamber  
  42  3:33  Zergling x4  
  41  3:48  Zergling x4  
  43  3:51  Baneling  
  43  3:53  Zerg Melee Weapons Level 1  
  43  3:54  Drone  
  43  3:55  Drone  
  45  3:57  Zergling x2, Overlord  
  46  4:05  Overlord  
  46  4:06  Zergling x2  
  46  4:07  Zergling x4  
  49  4:15  Overlord  
  49  4:16  Zergling x12  
  55  4:21  Drone x2  
  55  4:23  Lair  
  57  4:24  Drone x4  
  57  4:30  Drone  
  62  4:33  Extractor  
  62  4:34  Extractor  
  62  4:35  Drone x2  
  62  4:43  Drone x2  
  62  4:44  Overlord  
  64  4:47  Overlord  
  64  4:53  Drone  
  64  4:54  Extractor, Zergling x14  
  71  5:08  Zergling x8  
  75  5:15  Zergling x8  
  79  5:22  Zergling x8, Spire  
  79  5:23  Zergling x4  
  84  5:33  Zergling x10  
  86  5:38  Zergling x2  
  82  5:46  Zergling x10  
  78  6:08  Extractor, Drone x2  
  78  6:09  Extractor  
  70  6:13  Overlord x2  
  64  6:28  Drone x4  
  68  6:34  Mutalisk x7, Zerg Flyer Armor Level 1  
  68  6:36  Mutalisk  
  68  6:38  Zergling x6  
  87  6:46  Mutalisk  
  89  6:48  Overlord  
  89  6:51  Drone  
  89  6:58  Mutalisk x2  
  90  7:05  Overlord  
  90  7:06  Mutalisk  
  90  7:08  Mutalisk  
  90  7:14  Mutalisk  
  93  7:18  Zergling x8  
  97  7:27  Mutalisk x2  
  101  7:31  Zergling x6  
  101  7:35  Mutalisk  
  103  7:48  Mutalisk x2  
  99  7:52  Overlord  
  99  7:58  Mutalisk x2  
  94  8:01  Zergling x8  
  91  8:10  Drone x4  
  90  8:14  Drone  
  90  8:16  Drone  
  87  8:20  Drone x2  
  87  8:25  Drone x2  
  87  8:36  Zergling x6  
  86  8:48  Zergling x12  
  61  8:58  Mutalisk  
  60  9:08  Mutalisk  
  59  9:17  Mutalisk x2  
  59  9:22  Mutalisk  
  65  9:26  Mutalisk  
  65  9:28  Mutalisk  
  69  9:32  Mutalisk  
  71  9:38  Mutalisk  
  71  9:41  Zergling x2  
  71  9:42  Zergling x4  
  75  9:45  Zergling x4  
Show
View Real Time Build Order
Export as new Build Order

BlyOnFire Zerg - Winner!

Build Orders: Hatch First 

Get SALT Encoding   

  12  0:00  Drone  
  13  0:13  Overlord  
  13  0:20  Drone  
  14  0:31  Drone x2  
  16  0:49  Hatchery  
  15  0:53  Drone  
  15  0:56  Drone  
  17  0:59  Drone  
  18  1:10  Extractor  
  17  1:13  Spawning Pool  
  17  1:16  Drone  
  17  1:21  Drone  
  18  1:28  Drone  
  19  1:41  Drone  
  20  1:50  Overlord  
  20  2:01  Queen x2  
  20  2:02  Drone x2  
  26  2:11  Drone  
  26  2:13  Drone  
  28  2:23  Drone, Overlord  
  29  2:35  Zergling x2  
  29  2:36  Queen  
  30  2:37  Drone  
  30  2:43  Lair  
  33  2:48  Drone  
  33  2:50  Drone  
  35  3:04  Drone x2  
  37  3:09  Drone  
  37  3:10  Drone x6  
  44  3:15  Overlord  
  44  3:20  Evolution Chamber  
  42  3:37  Drone x4  
  46  3:44  Roach Warren  
  46  3:45  Drone x7  
  46  3:47  Extractor  
  46  3:48  Extractor x2  
  50  3:50  Spire  
  50  3:55  Evolution Chamber  
  47  4:04  Drone x3  
  47  4:05  Drone  
  47  4:06  Zerg Missile Weapons Level 1  
  51  4:12  Overlord  
  51  4:21  Overlord x2  
  51  4:24  Overlord  
  51  4:34  Overseer  
  51  4:39  Overlord  
  51  4:47  Drone x3  
  51  4:48  Roach x3  
  60  5:08  Mutalisk x2  
  60  5:09  Mutalisk  
  66  5:19  Mutalisk  
  68  5:24  Mutalisk  
  68  5:26  Overlord x2  
  68  5:27  Queen x2  
  74  5:38  Evolution Chamber  
  74  5:42  Roach x5  
  83  6:01  Zergling x12  
  83  6:02  Zergling x2  
  90  6:07  Metabolic Boost  
  90  6:09  Zerg Missile Weapons Level 2  
  82  6:18  Queen x2  
  83  6:20  Nydus Network  
  83  6:22  Roach Warren  
  81  6:29  Mutalisk x3  
  81  6:31  Hatchery  
  81  6:32  Zergling x12  
  92  6:36  Overlord  
  92  6:38  Zerg Flyer Weapons Level 1  
  92  6:39  Hatchery  
  93  6:45  Overlord  
  93  7:01  Mutalisk x3  
  100  7:09  Hatchery  
  97  7:16  Mutalisk x2  
  97  7:22  Queen x2  
  104  7:25  Overlord x3  
  100  7:46  Zergling x2  
  100  7:47  Zergling x16  
  94  7:55  Mutalisk x3  
  79  8:11  Drone x3  
  79  8:12  Drone x4  
  80  8:24  Mutalisk  
  80  8:30  Drone  
  77  8:43  Mutalisk x2  
  77  8:53  Mutalisk x2  
  65  9:04  Mutalisk  
  66  9:13  Mutalisk  
  68  9:18  Mutalisk  
  68  9:20  Mutalisk  
  72  9:28  Mutalisk  
  74  9:34  Zergling x6  
  76  9:43  Zergling x6  
Tags
 
Add a new tag
Caveats
  • Supply blocks, unpowered buildings, or Contaminate may cause inaccurate times.
  • Supply counts are checked every 10 seconds.